 Dungeon Crawl Stone Soup version 0.32-a0-361-g289a535e89 (webtiles) character file.

Game seed: 4582776912407447559

184 Ceno the Slasher (level 5, 0/41 HPs)
             Began as a Coglin Warper on Feb 19, 2024.
             Slain by an orc
             ... wielding a +0 flail
              (7 damage)
             ... on level 3 of the Dungeon.
             The game lasted 00:06:53 (2794 turns).

Ceno the Slasher (Coglin Warper)                    Turns: 2794, Time: 00:06:54

Health: 0/41       AC:  5    Str: 12    XL:     5   Next: 63%
Magic:  7/7        EV: 11    Int: 12    God:
Gold:   139        SH:  0    Dex: 15    Spells: 3/7 levels left

rFire   . . .        a - +0 falchion {Bob}
rCold   . . .        (no shield)
rNeg    . . .        b - +0 leather armour
rPois   .            r - +0 helmet
rElec   .            (no cloak)
rCorr   .            h - +0 pair of gloves
SInv    .            (no boots)
Will    .....        (no amulet)
Stlth   +            (no ring)
HPRegen 0.26/turn    (no ring)
MPRegen 0.10/turn

%: no passive effects
@: confused, slowed, very slow
A: off-hand wielding, slow wielding, warmup strikes, warmup strides
a: no special abilities


You were on level 3 of the Dungeon.
You visited 1 branch of the dungeon, and saw 3 of its levels.

You collected 139 gold pieces.

Inventory:

Hand Weapons
 a - a +0 falchion (weapon) {Bob}
Missiles
 d - 7 darts of dispersal
 e - 26 stones (quivered)
 s - a throwing net
Armour
 b - a +0 leather armour (worn)
 h - a +0 pair of gloves (worn)
 r - a +0 helmet (worn)
Scrolls
 c - a scroll of blinking
 i - a scroll of silence {unknown}
 l - 2 scrolls of fog
 m - 2 scrolls of teleportation {unknown}
 n - a scroll of enchant armour {unknown}
 q - 5 scrolls of identify {unknown}
Potions
 f - 2 potions of ambrosia {unknown}
 g - 3 potions of curing {unknown}
 j - a potion of lignification {unknown}
 k - 2 potions of degeneration {unknown}
 o - a potion of haste {unknown}
 p - a potion of resistance {unknown}


   Skills:
 + Level 3.2 Fighting
 * Level 4.2 Long Blades
 - Level 0.8 Throwing
 - Level 0.8 Armour
 - Level 1.7 Dodging
 - Level 1.7 Spellcasting
 + Level 4.0 Translocations


You had 3 spell levels left.
You knew the following spells:

 Your Spells              Type           Power      Damage    Failure   Level
a - Blink                 Tloc           20%        N/A       11%         2
b - Lesser Beckoning      Tloc           20%        N/A       11%         2

Your spell library contained the following spells:

 Spells                   Type           Power      Damage    Failure   Level
 Apportation              Tloc           20%        N/A       7%          1
 Teleport Other           Tloc           10%        N/A       21%         3
 Necrotise                Necr           4%         1d4       34%         1
 Sting                    Conj/Alch      4%         1d3       34%         1
 Summon Small Mammal      Summ           4%         N/A       34%         1
 Scorch                   Fire           2%         2d5       47%         2
 Manifold Assault         Tloc           10%        N/A       56%         4
 Vhi's Electric Charge    Tloc/Air       10%        N/A       83%         4
 Flame Wave               Conj/Fire      1%         2d4       98%         4
 Summon Cactus Giant      Summ           0%         N/A       100%        6


Dungeon Overview and Level Annotations

Branches:
Dungeon (3/15)

Altars:
Kikubaaqudgha
Vehumet

Shops:
D:1 (


Innate Abilities, Weirdness & Mutations

You can wield a second weapon in your off-hand.
It takes a long time for you to wield or remove held weapons.
Your first few attacks do less damage.
Your first movements take longer.


Message History

The curare-tipped dart closely misses you.
You bump into the rock wall.
The orc wizard hits you with a +0 dagger.
The orc throws a curare-tipped dart.
The curare-tipped dart hits you.
You are poisoned.
You have difficulty breathing.
You feel yourself slow down.
You bump into the rock wall.
You feel very sick. The orc wizard casts a spell at you.
You are more confused.
Unknown command.
You're too confused to cast spells.
You feel extremely sick.
The orc throws a curare-tipped dart.
The curare-tipped dart closely misses you.
The orc wizard gestures at you while chanting.
You resist with some effort.
The orc wizard hits you but does no damage.
You feel sick.
The orc throws a curare-tipped dart.
The curare-tipped dart barely misses you.
You see here a +0 hand axe.
You feel sick.
The orc throws a curare-tipped dart.
The curare-tipped dart closely misses you.
The orc wizard hits you with a +0 dagger.
* * * LOW HITPOINT WARNING * * *
You feel less confused.
You feel sick.
You feel sick.
You are no longer poisoned.
The orc wizard attacks as it pursues you!
The orc wizard hits you but does no damage.
The orc wizard casts a spell at you.
You are confused.
The orc wizard hits you but does no damage.
The orc misses you.
The orc wizard gestures at you while chanting.
The puff of flame hits you.
* * * LOW HITPOINT WARNING * * *
The orc attacks as it pursues you! The orc hits you with a +0 flail!
You die...

#......#...##...#.....#......
#####.##..........#.#......##
#>##...o..#.........##..#
#....#.o..#........#.....
###.....#.#.)#######.....
###....##.#.##.... ..... ####
#.....รท.....##.... .....
#...####....###.........#
#..... #....#..###
#@.......... .....
##......).####o......####
..... #.......#..#.o......##
#.#........)........#
#.....#...........#
#.....##..........#
#.....##..........#
#.######.....>....# #.#
#..........#


You could see an orc wizard and an orc.

Vanquished Creatures
  Robin (D:3)
  An adder (D:3)
  7 gnolls
  A ribbon worm (D:2)
  2 orcs (D:3)
  5 ball pythons
  2 endoplasms
  2 giant cockroaches
  15 goblins
  4 hobgoblins
  7 bats
  5 frilled lizards
  2 rats
54 creatures vanquished.

Notes
Turn   | Place    | Note
-------+----------+-------------------------------------------
     0 | D:1      | Ceno the Coglin Warper began the quest for the Orb.
     0 | D:1      | Reached XP level 1. HP: 16/16 MP: 3/3
    85 | D:1      | Found a faded altar of an unknown god.
   128 | D:1      | Reached XP level 2. HP: 22/22 MP: 4/4
   131 | D:1      | Learned a level 2 spell: Blink
   134 | D:1      | Learned a level 2 spell: Lesser Beckoning
   225 | D:1      | Found Soduix's Weapon Emporium.
   463 | D:1      | Reached XP level 3. HP: 24/28 MP: 5/5
  1271 | D:2      | Found an ancient bone altar of Kikubaaqudgha.
  1761 | D:3      | Noticed Robin
  1785 | D:3      | Reached XP level 4. HP: 20/34 MP: 6/6
  2131 | D:3      | Found a radiant altar of Vehumet.
  2256 | D:3      | Killed Robin
  2257 | D:3      | Reached XP level 5. HP: 26/41 MP: 3/7
  2794 | D:3      | Slain by an orc

Illustrated notes

Levels and vault maps discovered:
D:1:      ebering_trefoil_twist, layout_basic, ebering_ecumenical_altar_hall,
          serial_shops, nicolae_shop_stone, st_stairs_9
D:2:      layout_loops_corners, serial_rivers, chequers_serial_rivers_micro_e,
          chequers_serial_rivers_micro_b, chequers_serial_rivers_room_a,
          chequers_serial_rivers_micro_e, chequers_serial_rivers_micro_d,
          basic_altar, minmay_3d_cube
D:3:      layout_rooms, nicolae_vehumet_radiance,
          gammafunk_temple_overflow_pools, serial_shops, shop,
          nicolae_shop_back_alley_shop, nicolae_shop_just_a_little_nook,
          uniq_robin

Skill      XL: |  1  2  3  4  5 |
---------------+----------------+-----
Long Blades    | 3 4 |  4.2
Fighting       | 3 |  3.2
Translocations | 4 |  4.0
Throwing       | |  0.8
Armour         | |  0.8
Dodging        | |  1.7
Spellcasting   | |  1.7

Action                     |  1- 3 |  4- 6 || total
---------------------------+-------+-------++-------
  Melee: Falchion          |    91 |   119 ||   210
  Throw: Stone             |       |     2 ||     2
   Cast: Lesser Beckoning  |     3 |     7 ||    10
         Blink             |       |     2 ||     2
    Use: Scroll            |     1 |       ||     1
   Stab: Sleeping          |     1 |       ||     1
 Armour: Leather armour    |    53 |   110 ||   163
  Dodge: Dodged            |    61 |   102 ||   163

Table legend: (Time is in decaauts)
 A = Elapsed time spent in this place.
 B = Non-inter-level travel time spent in this place.
 C = Inter-level travel time spent in this place.
 D = Time resting spent in this place.
 E = Time spent auto-exploring this place.
 F = Levels seen in this place.
 G = Mean time per level.
                   A        B        C        D        E       F      G
               +--------+--------+--------+--------+--------+-----+--------+
         Total |   2937 |   2840 |     97 |    363 |   1679 |   3 |  979.0 |
       Dungeon |   2937 |   2840 |     97 |    363 |   1679 |   3 |  979.0 |
               +--------+--------+--------+--------+--------+-----+--------+

Top non-repeatable levels by time:
     D:2: 1460 daAuts
     D:3: 824 daAuts
     D:1: 652 daAuts
